 Dungeon Crawl Stone Soup version 0.29-a0-206-g4a66f2e2b5 (webtiles) character file.

Game seed: 12324448984425297765

3826 wakim the Archer (level 9, -7/43 HPs)
             Began as a Spriggan Hunter on Feb 23, 2022.
             Was a Believer of Hepliaklqana.
             Mangled by an orc knight
             ... wielding a +0 war axe
              (12 damage)
             ... in a bailey.
             The game lasted 00:30:56 (9923 turns).

wakim the Archer (Spriggan Hunter)                  Turns: 9923, Time: 00:30:57

Health: -7/43      AC:  4    Str:  8    XL:     9   Next: 97%
Magic:  15/23      EV: 20    Int: 15    God:    Hepliaklqana [**....]
Gold:   514        SH:  0    Dex: 17    Spells: 5/14 levels left

rFire   . . .      SeeInvis +   b - +1 shortbow (flame)
rCold   + . .      Faith    .   (shield currently unavailable)
rNeg    . . .      Spirit   .   i - +0 robe
rPois   .          Reflect  .   (helmet restricted)
rElec   .          Harm     .   U - +1 cloak
rCorr   .          Rampage  .   (gloves unavailable)
Will    +....                   (boots unavailable)
Stlth   +++.......              (no amulet)
HPRegen 0.14/turn               d - ring of protection from cold
MPRegen 0.18/turn               l - ring of magical power

@: very quick
A: reduced essence, very small, no large weapons, unfitting armour, see
invisible, speed 3
a: Renounce Religion, Recall Ancestor, Ancestor Identity


You were in a bailey.
You worshipped Hepliaklqana.
Hepliaklqana was pleased with you.
You visited 2 branches of the dungeon, and saw 9 of its levels.
You also visited: Bailey.

You collected 514 gold pieces.

Inventory:

Hand Weapons
 a - a +1 vorpal shortbow
 b - a +1 shortbow of flaming (weapon)
 Y - a +2 dagger of speed
Armour
 i - a +0 robe (worn)
 z - a +0 robe
 A - a +0 robe
 B - a +0 robe
 C - a +0 robe
 E - a +0 robe
 G - a +0 robe
 H - a +0 robe
 I - a +0 robe
 K - a +0 robe
 R - a +0 robe
 U - a +1 cloak (worn)
 Z - a +0 robe
Jewellery
 d - a ring of protection from cold (left hand)
 l - a ring of magical power (right hand)
Wands
 v - a wand of flame (26)
Scrolls
 g - 2 scrolls of amnesia
 L - a scroll of fear {unknown}
 O - a scroll of silence {unknown}
 Q - a scroll of torment {unknown}
 T - a scroll of teleportation
 V - a scroll of summoning {unknown}
 W - 2 scrolls of enchant weapon
 X - a scroll of blinking {unknown}
Potions
 j - a potion of cancellation {unknown}
 k - a potion of degeneration {unknown}
 D - 2 potions of brilliance
 F - 4 potions of curing
 J - 2 potions of heal wounds
 M - a potion of flight {unknown}
 N - 5 potions of might
 P - a potion of attraction {unknown}
 S - a potion of resistance {unknown}


   Skills:
 + Level 6.0 Fighting
 * Level 12.7 Bows
 - Level 6.0 Dodging
 - Level 6.0 Stealth
 - Level 3.0 Spellcasting
 - Level 6.0 Translocations


You had 5 spell levels left.
You knew the following spells:

 Your Spells              Type           Power      Damage    Failure   Level
a - Teleport Other        Tloc           20%        N/A       4%          3
b - Dispersal             Tloc           10%        N/A       95%         6

Your spell library contained the following spells:

 Spells                   Type           Power      Damage    Failure   Level
 Gell's Gravitas          Tloc           20%        N/A       4%          3
 Sting                    Tmut/Pois      8%         1d3       21%         1
 Poisonous Vapours        Pois/Air       4%         N/A       30%         2
 Olgreb's Toxic Radiance  Pois           2%         N/A       89%         4


Dungeon Overview and Level Annotations

Branches:
Dungeon (8/15)             Temple (1/1) D:4          Bailey (1/1)
   Lair: D:8-11

Altars:
Ashenzari
Cheibriados
Dithmenos
Elyvilon
Fedhas
Hepliaklqana
Kikubaaqudgha
Makhleb
Nemelex Xobeh
Okawaru
Qazlal
Sif Muna
Trog
Uskayaw
Vehumet
Wu Jian
Yredelemnul
Zin
The Shining One

Annotations:
D:3 Ijyb, Sigmund


Innate Abilities, Weirdness & Mutations

Your life essence is reduced to manifest your ancestor. (-10% HP)
You are very small and have problems with some larger weapons.
You are too small for most types of armour.
You have supernaturally acute eyesight. (SInv)
You cover ground extremely quickly. (Speed+++)


Message History

Aiming: Teleport Other (dangerous; 4% risk of failure)
Press: ? - help, Shift-Dir - straight line, f/p - orc knight
Aim: an orc knight, wielding a +0 war axe and wearing a +0 plate armour (severely wounded, ally target, chance to affect: 42%)
The orc knight resists with some effort.
The orc knight hits you with a +0 war axe!!
Ouch! That really hurt!
* * * LOW HITPOINT WARNING * * *
The orc knight hits Qitarah with a +0 war axe! 4/43 (-27)
The orc warrior no longer looks unusually strong.
The orc knight roars a battlecry!
The orc warrior goes into a battle-frenzy!
Qitarah hits the orc knight but does no damage. 5/43 (+1) Shoot: b) +1 shortbow (flame)
Press: ? - help, Q - select action, (/) - cycle Shift-Dir - straight line, f/p - orc knight
Aim: an orc knight, wielding a +0 war axe and wearing a +0 plate armour (severely wounded, ally target, 70% to hit)
You shoot an arrow. The arrow hits the orc knight.
The arrow burns the orc knight.
The orc knight is severely wounded.
Shoot: b) +1 shortbow (flame)
Press: ? - help, Q - select action, (/) - cycle Shift-Dir - straight line, f/p - orc knight
Aim: an orc knight, wielding a +0 war axe and wearing a +0 plate armour (severely wounded, ally target, 70% to hit)
You shoot an arrow.
The arrow hits the orc knight but does no damage.
The orc knight is severely wounded.
Shoot: b) +1 shortbow (flame)
Press: ? - help, Q - select action, (/) - cycle Shift-Dir - straight line, f/p - orc knight
Aim: an orc knight, wielding a +0 war axe and wearing a +0 plate armour (severely wounded, ally target, 70% to hit)
You shoot an arrow. The arrow hits the orc knight.
The arrow burns the orc knight.
The orc knight is almost dead.
Casting: Teleport Other (dangerous; 4% risk of failure)
Confirm with . or Enter, or press ? or * to list all spells.
Aiming: Teleport Other (dangerous; 4% risk of failure)
Press: ? - help, Shift-Dir - straight line, f/p - orc knight
Aim: an orc knight, wielding a +0 war axe and wearing a +0 plate armour (almost dead, ally target, chance to affect: 42%)
The orc knight looks slightly unstable.
The orc knight hits you with a +0 war axe!
You die...

..#≈≈≈≈≈# ..#≈≈≈≈≈# ##
####.#≈≈≈≈≈# .# +))#.≈≈≈≈≈≈#
.# #))#.≈≈≈≈≈≈# .#++####
#..#.≈≈≈≈≈≈# .#.....#
#########.≈≈≈≈≈≈# .'...).#
#..8.8..#.≈≈≈≈≈≈# .'..⌠).#
+..@oR.o.∩≈≈≈≈≈≈# .o.)...#
#..8.8..#.≈≈≈≈≈≈# .#.....#
#########.≈≈≈≈≈≈# .#''#####
#..#o≈≈≈≈≈≈# .#..R...#
#..#.≈≈≈≈≈≈# .#...)..#
+..#.≈≈≈≈≈≈#
#####.).##############.#≈≈≈≈≈#
#.8.8o8.'.....#....#≈≈≈≈≈#
#....)).#.R...'....#≈≈≈≈≈#


You could see the friendly Qitarah the knight, an orc knight (ally target) and
an orc warrior (strong).

Vanquished Creatures
  Pikel (D:6)
  The ghost of p0werm0de the Bolt Thrower, an amateur KoHu (D:4)
  Duvessa (D:5)
  A black bear (D:6)
  An ice beast (D:4)
  An orc warrior (D:8)
  A necrophage (D:6)
  2 centaurs
  2 ogres (D:5)
  3 phantoms
  A gnoll sergeant (D:7)
  2 bullfrogs
  A wyvern skeleton (D:7)
  Dowan (D:5)
  7 wights (D:8)
  A howler monkey (D:5)
  2 jellies (D:4)
  6 orc priests
  2 centaur zombies
  A hound (D:5)
  Crazy Yiuf (D:2)
  A bullfrog skeleton (D:5)
  An iguana (D:4)
  6 orc wizards
  Natasha (thrice) (D:2)
  Robin (D:4)
  A howler monkey zombie (D:8)
  19 gnolls
  4 adders (D:2)
  2 ufetubi
  A worm (D:3)
  A dart slug (D:3)
  27 orcs
  6 endoplasms
  4 giant cockroaches (D:2)
  15 hobgoblins
  5 jackals
  3 quokkas
  9 ball pythons
  A bat (D:3)
  4 frilled lizards (D:1)
  26 goblins
  9 kobolds
  8 rats
196 creatures vanquished.

Vanquished Creatures (collateral kills)
  2 black bears
  A centaur (D:7)
  A bullfrog (D:8)
  5 wights (D:8)
  An orc priest (D:7)
  A gnoll shaman (D:7)
  3 gnolls (D:7)
  A goblin (Bailey)
15 creatures vanquished.

Vanquished Creatures (others)
  An ancestor (D:6)
  A knight (Bailey)
2 creatures vanquished.

Grand Total: 213 creatures vanquished

Notes
Turn   | Place    | Note
-------+----------+-------------------------------------------
     0 | D:1      | wakim the Spriggan Hunter began the quest for the Orb.
     0 | D:1      | Reached XP level 1. HP: 10/10 MP: 2/2
   131 | D:1      | Reached skill level 5 in Bows
   133 | D:1      | Reached XP level 2. HP: 15/15 MP: 3/3
   372 | D:1      | Found a faded altar of an unknown god.
   747 | D:1      | Reached XP level 3. HP: 18/18 MP: 4/4
  1422 | D:2      | Reached XP level 4. HP: 23/23 MP: 5/5
  1432 | D:2      | Noticed Natasha
  2005 | D:2      | Reached skill level 6 in Bows
  2069 | D:2      | Found a runed translucent door.
  2070 | D:2      | Noticed Crazy Yiuf
  2345 | D:2      | Killed Natasha
  2422 | D:2      | Noticed Natasha
  2425 | D:2      | Killed Natasha
  2426 | D:2      | Reached XP level 5. HP: 27/27 MP: 6/6
  2464 | D:2      | Killed Crazy Yiuf
  2526 | D:2      | Noticed Natasha
  2670 | D:2      | !bestwep
  2842 | D:2      | Killed Natasha
  3261 | D:3      | Found a shimmering blue altar of Sif Muna.
  3269 | D:3      | Noticed Ijyb
  3474 | D:3      | Noticed Sigmund
  3536 | D:3      | Reached XP level 6. HP: 32/32 MP: 7/7
  4169 | D:4      | Reached skill level 7 in Bows
  4253 | D:4      | Reached skill level 5 in Stealth
  4336 | D:4      | Reached skill level 5 in Dodging
  4375 | D:4      | Noticed Robin
  4390 | D:4      | Reached XP level 7. HP: 36/36 MP: 8/8
  4402 | D:4      | Killed Robin
  4728 | D:4      | Noticed p0werm0de's ghost (amateur KoHu)
  4987 | D:4      | Found a runed translucent door.
  5412 | D:4      | !bestwep
  5513 | D:4      | Found a staircase to the Ecumenical Temple.
  5522 | Temple   | Entered the Ecumenical Temple
  5613 | Temple   | Became a worshipper of Hepliaklqana the Forgotten
  5997 | D:4      | Killed p0werm0de's ghost
  5998 | D:4      | Reached skill level 8 in Bows
  6028 | D:4      | Found an ornate altar of the Wu Jian Council.
  6043 | D:5      | Entered Level 5 of the Dungeon
  6074 | D:5      | Learned a level 3 spell: Teleport Other
  6197 | D:4      | Reached skill level 1 in Spellcasting
  6197 | D:4      | Reached skill level 1 in Translocations
  6227 | D:5      | Reached XP level 8. HP: 42/42 MP: 11/11
  6261 | D:5      | Noticed Duvessa
  6486 | D:5      | Noticed Dowan
  6745 | D:5      | Killed Duvessa
  6746 | D:5      | Reached skill level 9 in Bows
  7134 | D:5      | Found a shadowy altar of Dithmenos.
  7225 | D:5      | Found a snail-covered altar of Cheibriados.
  7233 | D:5      | Learned a level 6 spell: Dispersal
  7407 | D:5      | Killed Dowan
  7573 | D:6      | Reached * piety under Hepliaklqana
  7680 | D:6      | Reached skill level 10 in Bows
  7772 | D:6      | !bestwep
  7838 | D:6      | Found a bloodstained altar of Trog.
  7884 | D:6      | Reached skill level 5 in Translocations
  7884 | D:6      | Reached XP level 9. HP: 32/41 MP: 14/14
  7954 | D:6      | Found an iron altar of Okawaru.
  8047 | D:6      | Noticed Pikel
  8072 | D:6      | Killed Pikel
  8214 | D:6      | Found a stormy altar of Qazlal.
  8231 | D:7      | Reached skill level 5 in Fighting
  8249 | D:7      | Reached skill level 11 in Bows
  8273 | D:7      | !bestwep
  9094 | D:7      | Reached ** piety under Hepliaklqana
  9458 | D:8      | Remembered your ancestor Qitarah as a knight
  9480 | D:8      | Reached skill level 12 in Bows
  9526 | D:8      | Found a flagged portal.
  9527 | D:8      | Found a broken altar of Ashenzari.
  9621 | Bailey   | Entered a bailey
  9792 | Bailey   | Noticed an orc knight
  9904 | Bailey   | Noticed a kobold demonologist
  9923 | Bailey   | Mangled by an orc knight

Illustrated notes #..## ############### ####...########.............# ##.+..#.....g....###########.# ##.......########## #.# #........######### #.# .#..+............############.# ######.#########....).........# #.##### #.############.# ######..(..# #@# #.# ....#.†###.# #.# #.# #...#..###.# #.# #.# #...#....#.#####.# #.# ......#.>..##....# #.# #...##.....##.##.# #.# ...........##.##.# #[# #.####.....##.##.# #.### #.......#.....##.# #.... Turn 2670 on D:2: !bestwep

.........##..!..## .
.........#⌠..♣...+...............
....)....##..?.W##...............
..........##...##................
....)......##⌠##.................
............###..................
...##....#.......................
....+..)..#......# ###...........
..###.....##....@# #......####...
♣.........##.....###.............
..#....#........#................
..#....+........#................
..#....#........#................
.)...#.#..###.......#............
.....#.#..# #......##............
...))#+#..###......##............
#+#.......##.......##........####


Turn 5412 on D:4: !bestwep ####### ##.....############ ##.......##.........
#.........#.......# #.........#.......# #<...@R...#.......####
#.....)...#..)........ #.........#........#.. #.....<...............
#........[####.#.##### #.........# #.#...... #(........# #....# #.........#
##...# ##.......## #.### Turn 7772 on D:6: !bestwep #...$.... #........
.........### #.......##.. #.......##.# #.......##.# #.......##.# #@##.#
#R##.###.#.# #.#..<.....# #.#.)###..... ##.#.)# ##. #.....#### ..#####.)......#
.......)....##.# ........##....... Turn 8273 on D:7: !bestwep

Levels and vault maps discovered:
D:1:      minmay_arrival_stair_chambers, layout_loops_cross,
          chequers_ecumenical_altar_simple_redux, serial_park_tiny_pond,
          minmay_cut_off
D:2:      layout_loops_ring, minmay_worlds_worst_comb, uniq_natasha,
          uniq_crazy_yiuf_cottage
D:3:      layout_rooms, lemuel_tele_altar, uniq_ijyb, uniq_sigmund
D:4:      layout_basic, kennysheep_mini, minmay_temple_entry_junction,
          hellmonk_ghost_happy_afterlife, minmay_misc_feat_encased,
          grunt_ministairs_5, grunt_decor_junction,
          chequers_serial_rivers_marsh, uniq_robin
D:5:      wander_river, layout_rooms, jmf_multi_god_temple,
          palyth_stone_intersect, serial_bayou_pond_d, minivault_27,
          uniq_duvessa
D:6:      layout_rooms, kennysheep_mini_moat, mainiacjoe_overflow_alcove_2,
          trog_ov_bears_minmay, uniq_pikel
D:7:      layout_loops_ring
D:8:      layout_rooms, mainiacjoe_overflow_paths, mainiacjoe_overflow_chevrons,
          ashenzari_conservatory_becter, david_lair_shrubbed, enter_bailey_3
Temple:   jpeg_temple_clearing
Bailey:   bailey_axe_of_yendor_kennysheep, bailey

Skill      XL: |  1  2  3  4  5  6  7  8  9 |
---------------+----------------------------+-----
Bows           | 5 6 7 8 10 12 | 12.7
Stealth        | 2 3 4 5 6 |  6.0
Dodging        | 3 4 5 6 |  6.0
Fighting       | 2 3 4 6 |  6.0
Spellcasting   | 1 3 |  3.0
Translocations | 1 5 6 |  6.0

Action                   |  1- 3 |  4- 6 |  7- 9 || total
-------------------------+-------+-------+-------++-------
Melee: Dagger            |     4 |       |       ||     4
       Shortbow          |       |       |     1 ||     1
 Fire: Shortbow          |   111 |   195 |   572 ||   878
 Cast: Teleport Other    |       |       |     4 ||     4
Invok: Ancestor Identity |       |       |     1 ||     1
       Recall Ancestor   |       |       |     3 ||     3
       Ancestor Life: Kn |       |       |     1 ||     1
Evoke: Wand              |       |       |     1 ||     1
  Use: Scroll            |     2 |       |     5 ||     7
Armor: Robe              |     3 |    10 |    10 ||    23
Dodge: Dodged            |    20 |    50 |    80 ||   150

Table legend: (Time is in decaauts)
 A = Elapsed time spent in this place.
 B = Non-inter-level travel time spent in this place.
 C = Inter-level travel time spent in this place.
 D = Time resting spent in this place.
 E = Time spent auto-exploring this place.
 F = Levels seen in this place.
 G = Mean time per level.
                   A        B        C        D        E       F      G
               +--------+--------+--------+--------+--------+-----+--------+
         Total |   7466 |   7205 |    261 |    781 |   4296 |  10 |  746.6 |
       Dungeon |   7183 |   6938 |    245 |    735 |   4215 |   8 |  897.9 |
        Temple |     62 |     46 |     16 |      0 |     36 |   1 |   62.0 |
        Bailey |    220 |    220 |      0 |     46 |     43 |   1 |  220.0 |
               +--------+--------+--------+--------+--------+-----+--------+

Top non-repeatable levels by time:
     D:4: 1837 daAuts
     D:2: 1637 daAuts
     D:5: 1042 daAuts
     D:7: 964 daAuts
     D:3: 540 daAuts
     D:1: 530 daAuts
     D:6: 501 daAuts
  Bailey: 220 daAuts
     D:8: 130 daAuts
  Temple: 62 daAuts
